 Dungeon Crawl Stone Soup version 0.20.1-1-g8b1a95d66d (webtiles) character file.

96 Popi the Skirmisher (level 4, -2/36 HPs)
             Began as a Human Fighter on Dec 18, 2017.
             Slain by a river rat (6 damage)
             ... on level 3 of the Dungeon.
             The game lasted 00:05:58 (1579 turns).

Popi the Skirmisher (Human Fighter)                 Turns: 1579, Time: 00:05:58

Health: -2/36      AC:  8    Str: 17    XL:     4   Next: 98%
Magic:  4/4        EV:  9    Int:  8    God:
Gold:   147        SH:  0    Dex: 13    Spells: 3/3 levels left

rFire    . . .     SeeInvis .   a - +0 long sword
rCold    . . .     Gourm    .   (no shield)
rNeg     . . .     Faith    .   b - +0 scale mail
rPois    .         Spirit   .   (no helmet)
rElec    .         Reflect  .   r - scarf {repulsion}
rCorr    .         Harm     +   B - +0 pair of gloves
MR       .....                  e - +1 pair of boots
Stlth    ..........             v - amulet of harm
Regen    0.2/turn               c - -2 ring of protection (curse)
MPRegen  0.1/turn               (no ring)

@: repel missiles
A: no striking features
a: no special abilities


You were on level 3 of the Dungeon.
You were hungry.

You visited 1 branch of the dungeon, and saw 3 of its levels.

You collected 147 gold pieces.

Inventory:

Hand Weapons
 a - a +0 long sword (weapon)
Armour
 b - a +0 scale mail (worn)
 e - a +1 pair of boots (worn)
 r - a scarf of repulsion (worn)
 B - a +0 pair of gloves (worn)
Jewellery
 c - a cursed -2 ring of protection (left hand)
 s - an uncursed amulet of magic regeneration
 v - an amulet of harm (around neck)
 x - a cursed amulet of inaccuracy {unknown}
 A - an uncursed ring of stealth {unknown}
Scrolls
 g - 3 scrolls of remove curse {unknown}
 h - 7 scrolls of identify {unknown}
 k - 2 scrolls of teleportation {unknown}
 o - a scroll of blinking {unknown}
 q - 3 scrolls of enchant weapon {unknown}
 t - a scroll of magic mapping {unknown}
 y - a scroll of fog {unknown}
 z - a scroll of noise {unknown}
Potions
 d - a potion of might
 j - 2 potions of flight {unknown}
 l - 2 potions of brilliance {unknown}
 m - 2 potions of curing {unknown}
 n - a potion of lignification {unknown}
 u - a potion of ambrosia {unknown}
 w - a potion of agility {unknown}
Comestibles
 f - 3 bread rations
 i - a meat ration
 p - a fruit


   Skills:
 + Level 3.6 Fighting
 + Level 3.6 Long Blades
 + Level 3.5 Armour
 + Level 0.6 Dodging
   Level 3.0 Shields


You had 3 spell levels left.
You didn't know any spells.

Dungeon Overview and Level Annotations

Branches:
Dungeon (3/15)

Altars:
Ashenzari
Yredelemnul

Portals:
Sewer: D:3

Annotations:
D:3 Jessica


Message History

Found a glowing drain.
The giant cockroach bites you but does no damage.
You hit the giant cockroach.
The giant cockroach is severely wounded.
The rat completely misses you.
You riposte.
Your scale mail prevents you from hitting the rat.
The giant cockroach bites you but does no damage.
The giant cockroach barely misses you.
You riposte.
You barely miss the giant cockroach.
The giant cockroach is severely wounded.
The giant cockroach bites you but does no damage.
The rat bites you.
You closely miss the rat. The rat bites you but does no damage.
You hit the rat but do no damage. You hit the river rat but do no damage.
The river rat bites you.
You barely miss the river rat. The river rat bites you.
You closely miss the river rat. The river rat bites you!
* * * LOW HITPOINT WARNING * * *
You barely miss the river rat. The river rat bites you.
You die...

...... ≈≈..).
≈≈≈...
∩≈≈...#######
≈≈≈.........#
≈≈..........##
......rsr....#
.....##r####....
### ##@# .
###..##..#
.........#
#........###
#..........##
#........#..##
#####.#####..#
#. ##.# #. #.##


You could see a river rat, a giant cockroach and 2 rats.

Vanquished Creatures
  An adder (D:3)
  10 dart slugs
  2 leopard geckos
  6 orcs (D:3)
  3 giant cockroaches
  10 goblins
  2 hobgoblins (D:1)
  2 jackals (D:2)
  A quokka (D:2)
  9 bats
  2 frilled lizards
  5 kobolds
  8 rats
61 creatures vanquished.

Notes
Turn   | Place    | Note
-------+----------+-------------------------------------------
     0 | D:1      | Popi the Human Fighter began the quest for the Orb.
     0 | D:1      | Reached XP level 1. HP: 18/18 MP: 1/1
   277 | D:1      | Reached XP level 2. HP: 24/24 MP: 2/2
   813 | D:2      | Reached XP level 3. HP: 29/29 MP: 3/3
   842 | D:2      | Found a shattered altar of Ashenzari.
  1144 | D:2      | Found a basalt altar of Yredelemnul.
  1199 | D:3      | Reached XP level 4. HP: 16/35 MP: 4/4
  1477 | D:3      | Noticed Jessica
  1567 | D:3      | Found a glowing drain.
  1579 | D:3      | Slain by a river rat

Skill      XL: |  1  2  3 |
---------------+----------+-----
Long Blades    | 3 |  3.6
Fighting       | |  3.6
Armour         | |  3.5
Dodging        | |  0.6
Shields        | |  3.0

Action                   |  1- 3 |  4- 6 || total
-------------------------+-------+-------++-------
Melee: Long sword        |    85 |    95 ||   180
  Eat: Chunk             |     1 |     1 ||     2
Armor: Scale mail        |    57 |    67 ||   124
Dodge: Dodged            |    70 |    40 ||   110
       Deflected         |     2 |     5 ||     7
       Rpst.: Long sword |    19 |    14 ||    33
